 Dungeon Crawl Stone Soup version 0.22-a0-448-g1fb7470 (webtiles) character file.

4078 iamserjio the Grappler (level 10, 0/107 HPs)
             Began as a Troll Chaos Knight on June 4, 2018.
             Killed by the capriciousness of Xom (35 damage)
             ... on level 9 of the Dungeon.
             The game lasted 00:15:16 (6613 turns).

iamserjio the Grappler (Troll Chaos Knight)         Turns: 6613, Time: 00:15:16

Health: 0/107      AC:  8    Str: 25    XL:     10   Next: 5%
Magic:  9/9        EV: 11    Int:  8    God:    Xom [..*...]
Gold:   106        SH: 11    Dex: 14    Spells: 9/9 levels left

rFire    . . .     SeeInvis +     - Unarmed
rCold    + . .     Gourm    +   L - +2 shield
rNeg     . . .     Faith    .   t - +2 animal skin
rPois    .         Spirit   .   (helmet restricted)
rElec    +         Reflect  .   E - +0 cloak
rCorr    .         Harm     .   (gloves unavailable)
MR       .....     Clarity  +   (boots unavailable)
Stlth    +.........             (no amulet)
HPRegen  0.67/turn              G - ring of see invisible
MPRegen  0.11/turn              c - +3 ring of strength

@: no status effects
A: large, unfitting armour, claws 3, see invisible, agile 1, clarity, cold
resistance 1, fast metabolism 3, gourmand, regeneration 1, robust 1, shaggy fur
1, electricity resistance, tough skin 2, MP-powered wands
a: Renounce Religion


You were on level 9 of the Dungeon.
You worshipped Xom.
You were a BORING thing.
You were very full.

You visited 1 branch of the dungeon, and saw 9 of its levels.

You collected 574 gold pieces.
You spent 468 gold pieces at shops.

Inventory:

Hand Weapons
 s - a +6 club
 C - a cursed -1 great mace
 J - a +0 blowgun
 N - a +0 morningstar
Missiles
 j - 7 silver javelins (quivered)
 k - 4 needles of sleeping
 m - 284 stones
 n - 4 tomahawks of returning
 y - 34 poisoned needles
Armour
 t - a +2 animal skin (worn)
 E - a +0 cloak (worn)
 L - a +2 shield (worn)
Jewellery
 c - a +3 ring of strength (right claw)
 x - an uncursed ring of poison resistance {unknown}
 z - an uncursed ring of magical power
 F - an uncursed amulet of magic regeneration
 G - a ring of see invisible (left claw)
Wands
 r - a wand of flame (27)
 D - a wand of digging (20)
 I - a wand of iceblast (6)
Scrolls
 a - 2 scrolls of fog
 d - 7 scrolls of remove curse
 h - 3 scrolls of magic mapping {unknown}
 o - 6 scrolls of teleportation
 p - 2 scrolls of immolation {unknown}
 w - a scroll of noise {unknown}
 B - 4 scrolls of amnesia
 P - a scroll of enchant armour {unknown}
Potions
 e - 2 potions of might
 f - a potion of resistance
 g - a potion of degeneration {unknown}
 i - a potion of heal wounds {unknown}
 l - 3 potions of brilliance
 q - 7 potions of curing
 u - 2 potions of mutation
 v - 3 potions of agility
 A - 4 potions of lignification
 H - a potion of flight {unknown}
 K - a potion of invisibility
 M - a potion of haste
 O - a potion of ambrosia {unknown}
Comestibles
 b - 9 rations


   Skills:
 + Level 6.2 Fighting
 + Level 3.2 Throwing
 - Level 6.0 Dodging
 + Level 2.2 Shields
 * Level 10.2 Unarmed Combat


You had 9 spell levels left.
You didn't know any spells.
Your spell library contained the following spells:

 Spells                   Type           Power        Failure   Level  Hunger
 Lightning Bolt           Conj/Air       #.........   100%        5    ######.
 Tukima's Dance           Hex            #.......     99%         3    ####...
 Shock                    Conj/Air       #...         88%         1    ##.....
 Swiftness                Chrm/Air       #.......     95%         2    ###....
 Statue Form              Tmut/Erth      #........    100%        6    #######
 Airstrike                Air            #.........   100%        4    #####..
 Ignite Poison            Fire/Tmut/Pois #.......     99%         3    ####...
 Static Discharge         Conj/Air       #.......     99%         3    ####...
 Inner Flame              Hex/Fire       #.......     99%         3    ####...
 Yara's Violent Unravell  Hex/Tmut       #.........   100%        5    ######.


Dungeon Overview and Level Annotations

Branches:
Dungeon (9/15)             Temple (0/1) D:5
   Lair: D:8-11         Orc: D:9-12

Altars:
Cheibriados
Dithmenos
Elyvilon
Gozag
Makhleb
Okawaru
Qazlal
Ru
Uskayaw
Wu Jian
Xom
Zin
The Shining One

Shops:
D:5 *   D:8 !!   D:9 %


Innate Abilities, Weirdness & Mutations

You are too large for most types of armour.
You have claws for hands.
Your metabolism is lightning-fast.
You like to eat raw meat.
Your natural rate of healing is unusually fast.
You are covered in fur. (AC +1)
You have very tough skin. (AC +2)
You have supernaturally acute eyesight. (SInv)
You are agile. (Dex +2)
You possess an exceptional clarity of mind.
Your flesh is cold resistant. (rC+)
You are robust. (+10% HP)
You are resistant to electric shocks. (rElec)
You expend magic power (3 MP) to strengthen your wands.


Message History

The killer bee is almost dead.
You are now a BORING thing.
The killer bee stings you.
* * * LOW HITPOINT WARNING * * *
The shadow imp hits you but does no damage.
Your crimson imp hits the killer bee.
The killer bee dies!
You barely miss the shadow imp.
The shadow imp is severely wounded.
The shadow imp laughs crazily.
The shadow imp closely misses you.
Your crimson imp hits the shadow imp.
The shadow imp dies!
Your crimson imp blinks!
You swap places.
You start resting.
Your crimson imp blinks!
Xom's power touches on you for a moment.
You convulse helplessly as pain tears through your body!
You die...
Xom guffaws!

###### ..... #..# ...
#..######...
#######...........#########
.........5@................
......$.#####..########..##
#######..#####..########..#
.................[........##
.........!..................
....:...................[...
####...########...#######..
............................
..................<)........


You could see a friendly crimson imp.

Vanquished Creatures
  A troll (D:9)
  A hippogriff (D:9)
  A hungry ghost (D:9)
  A soldier ant (D:8)
  A water moccasin (D:6)
  A sky beast (D:5)
  5 orc warriors
  5 ogres
  3 centaurs
  A bullfrog (D:8)
  2 gnoll sergeants (D:8)
  A scorpion (D:6)
  A water moccasin skeleton (D:9)
  4 killer bees (D:9)
  3 wights (D:6)
  3 crimson imps
  A bullfrog zombie (D:5)
  A jelly (D:8)
  A bullfrog skeleton (D:6)
  5 hounds
  9 orc wizards
  2 orc priests (D:9)
  2 centaur skeletons (D:4)
  Jessica (D:3)
  3 iguanas
  3 worker ants
  2 hound skeletons
  2 worker ant zombies (D:8)
  Robin (D:2)
  2 gnolls (D:1)
  11 adders
  2 shadow imps
  5 worms
  2 dart slugs
  2 leopard geckos
  28 orcs
  2 ball pythons
  6 bats
  A giant cockroach (D:2)
  13 goblins
  8 hobgoblins
  12 jackals
  3 quokkas
  A frilled lizard (D:2)
  16 kobolds
  5 rats
186 creatures vanquished.

Vanquished Creatures (collateral kills)
  A two-headed ogre (D:7)
  A killer bee (D:9)
  A shadow imp (D:9)
  An orc (D:9)
4 creatures vanquished.

Vanquished Creatures (others)
  A hound (D:5)
  An orc (D:7)
2 creatures vanquished.

Grand Total: 192 creatures vanquished

Notes
Turn   | Place    | Note
-------+----------+-------------------------------------------
     0 | D:1      | iamserjio the Troll Chaos Knight began the quest for the Orb.
     0 | D:1      | Reached XP level 1. HP: 22/22 MP: 0/0
     8 | D:1      | XOM: harmless Air miscast
    21 | D:1      | Reached XP level 2. HP: 20/29 MP: 1/1
   188 | D:1      | XOM: smoke on damage
   202 | D:1      | XOM: potion effect (curing)
   205 | D:1      | Reached XP level 3. HP: 36/36 MP: 2/2
   248 | D:1      | XOM is BORED!
   248 | D:1      | XOM: harmless Air miscast
   886 | D:2      | XOM: potion effect (brilliance)
   973 | D:2      | Found an ornate altar of the Wu Jian Council.
   985 | D:2      | Reached skill level 4 in Unarmed Combat
  1164 | D:2      | Reached XP level 4. HP: 41/44 MP: 3/3
  1193 | D:2      | Noticed Robin
  1204 | D:2      | XOM: potion effect (haste)
  1217 | D:2      | Killed Robin
  1220 | D:2      | XOM: harmless Tloc miscast
  1286 | D:2      | XOM is BORED!
  1286 | D:2      | XOM: harmless Chrm miscast
  1320 | D:2      | XOM: harmless Conj miscast
  1675 | D:3      | Reached XP level 5. HP: 35/53 MP: 4/4
  1690 | D:3      | XOM: 1-stop teleportation journey
  1716 | D:3      | XOM: summons 2 hostile demons
  1781 | D:3      | XOM is BORED!
  1831 | D:3      | Noticed Jessica
  1835 | D:3      | Killed Jessica
  1868 | D:3      | Found a burning altar of Makhleb.
  1869 | D:3      | Found a shimmering altar of Xom.
  1881 | D:3      | Reached skill level 5 in Unarmed Combat
  2124 | D:4      | Found a hide-covered altar of Uskayaw.
  2137 | D:4      | Reached XP level 6. HP: 50/61 MP: 5/5
  2360 | D:4      | XOM: divination: magic mapping
  2394 | D:4      | Identified the Grimoire of Enchanting Transmutation
  2482 | D:4      | XOM: cloud trail
  2486 | D:4      | Found an iron altar of Okawaru.
  2490 | D:4      | Found a snail-covered altar of Cheibriados.
  2624 | D:5      | Entered Level 5 of the Dungeon
  2664 | D:5      | XOM: divine lightning
  2676 | D:5      | XOM: 7-stop teleportation journey
  2689 | D:5      | Found a staircase to the Ecumenical Temple.
  2689 | D:5      | XOM: 3-stop teleportation journey
  2724 | D:5      | XOM: scenery: create altars
  2812 | D:5      | Noticed a sky beast
  2817 | D:5      | XOM: give mutations
  2817 | D:5      | Gained mutation: You are agile. (Dex +2) [Xom's grace]
  2817 | D:5      | Gained mutation: You expend magic power (3 MP) to strengthen your wands. [Xom's grace]
  2820 | D:5      | Killed a sky beast
  2820 | D:5      | Reached skill level 6 in Unarmed Combat
  2820 | D:5      | Reached XP level 7. HP: 68/68 MP: 6/6
  2838 | D:5      | Found Gozag's Platinum Reserve.
  2840 | D:5      | Found an opulent altar of Gozag.
  2958 | D:5      | XOM: give mutation
  2958 | D:5      | Gained mutation: You are robust. (+10% HP) [Xom's grace]
  3071 | D:5      | Found a glowing silver altar of Zin.
  3107 | D:5      | XOM: give mutations
  3107 | D:5      | Gained mutation: You possess an exceptional clarity of mind. [Xom's grace]
  3107 | D:5      | Gained mutation: You are resistant to electric shocks. (rElec) [Xom's grace]
  3107 | D:5      | Gained mutation: Your flesh is cold resistant. (rC+) [Xom's grace]
  3107 | D:5      | Gained mutation: You have supernaturally acute eyesight. (SInv) [Xom's grace]
  3557 | D:6      | XOM: mild Erth miscast
  3584 | D:6      | Reached skill level 7 in Unarmed Combat
  3766 | D:6      | Reached XP level 8. HP: 38/86 MP: 7/7
  3872 | D:6      | XOM: mild Erth miscast
  3929 | D:6      | XOM: 3-stop teleportation journey
  3998 | D:6      | XOM: scenery: create altars
  4151 | D:6      | Found a sacrificial altar of Ru.
  4156 | D:6      | XOM: cast spell 'Metabolic Englaciation'
  4265 | D:7      | Found a white marble altar of Elyvilon.
  4447 | D:7      | Noticed a two-headed ogre
  4462 | D:7      | Reached skill level 8 in Unarmed Combat
  4465 | D:7      | XOM: destruction
  4467 | D:7      | XOM: summons friendly orange demon
  4472 | D:7      | Killed a two-headed ogre
  4472 | D:7      | Reached skill level 5 in Fighting
  4481 | D:7      | XOM: divination: detect creatures
  4540 | D:7      | XOM: noise
  4596 | D:7      | XOM: divination: magic mapping
  4637 | D:7      | XOM: harmless Erth miscast
  4675 | D:7      | XOM: harmless Conj miscast
  4684 | D:7      | Reached skill level 5 in Dodging
  4709 | D:7      | XOM: harmless Conj miscast
  4911 | D:8      | Reached XP level 9. HP: 90/96 MP: 8/8
  4928 | D:8      | Reached skill level 1 in Throwing
  4928 | D:8      | Reached skill level 9 in Unarmed Combat
  4972 | D:8      | XOM: harmless Air miscast
  5159 | D:8      | Found a glowing golden altar of the Shining One.
  5160 | D:8      | XOM is BORED!
  5160 | D:8      | XOM: harmless Air miscast
  5207 | D:8      | Found a shadowy altar of Dithmenos.
  5302 | D:8      | XOM: divination: detect creatures
  5310 | D:8      | XOM: confuse monster(s)
  5373 | D:7      | XOM: god gift: ration
  5378 | D:8      | XOM: enchant monster (bad)
  5544 | D:8      | XOM: harmless Hex miscast
  5553 | D:8      | XOM: polymorph big kobold -> soldier ant
  5555 | D:8      | XOM: enchant monster (bad)
  5626 | D:8      | XOM: summons 4 hostile demons
  5778 | D:8      | Reached skill level 1 in Shields
  5925 | D:8      | Found Ownokkou's Distillery.
  5925 | D:8      | Found Enocot's Distillery.
  5934 | D:8      | Bought a potion of curing for 42 gold pieces
  5934 | D:8      | Bought a potion of agility for 56 gold pieces
  5937 | D:8      | Bought a potion of invisibility for 80 gold pieces
  5937 | D:8      | Bought a potion of invisibility for 80 gold pieces
  5937 | D:8      | Bought a potion of curing for 30 gold pieces
  5937 | D:8      | Bought a potion of agility for 40 gold pieces
  5940 | D:8      | Bought a potion of haste for 140 gold pieces
  6100 | D:8      | XOM: noise
  6347 | D:9      | XOM: silly message
  6372 | D:9      | Found a stormy altar of Qazlal.
  6403 | D:9      | Found Nosurun's Food Shop.
  6499 | D:9      | XOM: summons 3 friendly demons
  6504 | D:9      | Reached skill level 10 in Unarmed Combat
  6538 | D:9      | XOM: 4-stop teleportation journey
  6559 | D:9      | Noticed a troll
  6560 | D:9      | XOM: summons friendly crimson imp
  6567 | D:9      | Killed a troll
  6567 | D:9      | Reached XP level 10. HP: 74/107 MP: 9/9
  6613 | D:9      | XOM is BORED!
  6613 | D:9      | XOM: medium Necr miscast
  6613 | D:9      | Killed by the capriciousness of Xom

Vault maps used:
D:1:      scummos_arrival_star, serial_aquarium, aquarium_bridge_square,
          aquarium_window_3, aquarium_window_1, aquarium_window_corner,
          aquarium_view_2d, aquarium_view_2b
D:2:      lemuel_crystal_altar, uniq_robin
D:3:      grunt_temple_overflow_champion_of_chaos, first_ration,
          hangedman_decor_peaks_small, uniq_jessica
D:4:      grunt_temple_overflow_open, old_standard_altar,
          minmay_misc_feat_square, dk_noncrumbling_3, dk_noncrumbling_4
D:5:      nicolae_gozag_zags_fifth_avenue, lemuel_coloured_pillars_altar,
          minmay_temple_entry_glass
D:6:      basic_altar
D:7:      overflow_temple_1_default
D:8:      tso_oasis_becter, basic_altar, serial_shops, shop, shop,
          sword_in_stone
D:9:      nicolae_overflow_crystal_walls, nicolae_overflow_hidden_temple,
          orc_0_dummy, serial_shops, nicolae_shop_behind_doors

Skill      XL: |  1  2  3  4  5  6  7  8  9 |
---------------+----------------------------+-----
Dodging        | 2 3 4 5 6 |  6.0
Unarmed Combat | 4 5 6 7 8 10 | 10.2
Fighting       | 3 4 5 6 |  6.2
Throwing       | 3 |  3.2
Shields        | 2 |  2.2

Action                   |  1- 3 |  4- 6 |  7- 9 | 10-12 || total
-------------------------+-------+-------+-------+-------++-------
Melee: Unarmed           |    82 |   177 |   333 |    16 ||   608
       Punch             |       |     1 |     8 |       ||     9
  Use: Scroll            |       |       |     9 |       ||     9
       Potion            |       |       |     1 |     1 ||     2
  Eat: Chunk             |     7 |    13 |    35 |       ||    55
       Ration            |     1 |       |     2 |       ||     3
Armor: Robe              |    26 |     6 |       |       ||    32
       Animal skin       |       |    61 |    93 |     8 ||   162
Dodge: Dodged            |    49 |    85 |   163 |    14 ||   311
Block: Shield            |       |       |    79 |    15 ||    94

Table legend:
 A = Spawn XP
 B = Non-spawn XP
 C = Spawn XP percentage of total XP
 D = Spawn monster count
 E = Non-spawn monster count
 F = Spawn count percentage of total count
 G = Total turns spent on level
                    A         B        C        D         E        F      G
               +---------+---------+-------+---------+---------+-------+---------
         Total |       0 |    5826 |   0.0 |       0 |     190 |   0.0 |  6613
               +---------+---------+-------+---------+---------+-------+---------
           D:1 |       0 |      49 |   0.0 |       0 |      12 |   0.0 |   844
           D:2 |       0 |     138 |   0.0 |       0 |      43 |   0.0 |   770
           D:3 |       0 |     148 |   0.0 |       0 |      17 |   0.0 |   499
           D:4 |       0 |     117 |   0.0 |       0 |       6 |   0.0 |   511
           D:5 |       0 |     304 |   0.0 |       0 |      12 |   0.0 |   496
           D:6 |       0 |     831 |   0.0 |       0 |      21 |   0.0 |  1082
           D:7 |       0 |     939 |   0.0 |       0 |      14 |   0.0 |   647
           D:8 |       0 |    1618 |   0.0 |       0 |      37 |   0.0 |  1344
           D:9 |       0 |    1682 |   0.0 |       0 |      28 |   0.0 |   420
               +---------+---------+-------+---------+---------+-------+---------
